 Dungeon Crawl Stone Soup version 0.22-a0-855-g415d086bb8 (webtiles) character file.

578 Destragon the Ruffian (level 7, -9/100 HPs)
             Began as a Troll Transmuter on July 27, 2018.
             Blown up by Pikel (20 damage)
             ... with a wand of disintegration (10)
             ... on level 4 of the Dungeon.
             The game lasted 00:14:28 (3249 turns).

Destragon the Ruffian (Troll Transmuter)            Turns: 3249, Time: 00:14:28

Health: -9/100     AC:  5    Str: 24    XL:     7   Next: 13%
Magic:  8/9        EV: 10    Int: 11    God:
Gold:   143        SH:  0    Dex: 10    Spells: 7/10 levels left

rFire    . . .     SeeInvis .     - Unarmed
rCold    . . .     Gourm    +   (no shield)
rNeg     . . .     Faith    .   b - +0 robe
rPois    .         Spirit   .   (helmet restricted)
rElec    .         Reflect  .   (no cloak)
rCorr    .         Harm     .   (gloves unavailable)
MR       .....                  (boots unavailable)
Stlth    ..........             f - amulet of rage
HPRegen  0.66/turn              (no ring)
MPRegen  0.11/turn              (no ring)

@: berserking, appendage (expiring), very quick
A: large, unfitting armour, claws 3, talons 3, fast metabolism 3, gourmand,
regeneration 1, shaggy fur 1, tough skin 2
a: End Transformation, Evoke Berserk Rage


You were on level 4 of the Dungeon.
You were very full.
You had grown temporary talons.
You visited 1 branch of the dungeon, and saw 4 of its levels.

You collected 143 gold pieces.

Inventory:

Missiles
 a - 53 arrows
 r - 5 tomahawks of returning (quivered)
Armour
 b - a +0 robe (worn)
Jewellery
 f - an amulet of rage (around neck)
 j - a cursed amulet of inaccuracy {unknown}
 s - a cursed ring of attention {unknown}
Scrolls
 e - 2 scrolls of immolation {unknown}
 g - a scroll of enchant weapon {unknown}
 i - 2 scrolls of remove curse {unknown}
 l - 2 scrolls of teleportation {unknown}
 n - 3 scrolls of fog {unknown}
 p - 4 scrolls of identify {unknown}
 q - a scroll of noise {unknown}
Potions
 c - 2 potions of haste {unknown}
 h - a potion of curing {unknown}
 k - a potion of heal wounds {unknown}
 m - a potion of lignification {unknown}
 t - a potion of berserk rage
Comestibles
 d - 8 rations
 o - a chunk of flesh


   Skills:
 * Level 3.2 Fighting
 + Level 2.6 Dodging
 * Level 4.9 Unarmed Combat
 + Level 2.0 Spellcasting
 + Level 2.3 Transmutations
 + Level 1.4 Evocations


You had 7 spell levels left.
You knew the following spells:

 Your Spells              Type           Power        Failure   Level  Hunger
a - Beastly Appendage     Tmut           #.....       11%         1    ##.....
b - Sticks to Snakes      Tmut           #.......     17%         2    ###....

Your spell library contained the following spells:

 Spells                   Type           Power        Failure   Level  Hunger
 Spider Form              Tmut/Pois      #.........   47%         3    ####...
 Blade Hands              Tmut           #.........   97%         5    ######.
 Ice Form                 Ice/Tmut       #.......     87%         4    #####..


Dungeon Overview and Level Annotations

Branches:
Dungeon (4/15)
 Temple: D:4-7

Altars:
Ru
Uskayaw
Yredelemnul
The Shining One

Annotations:
D:4 Pikel


Innate Abilities, Weirdness & Mutations

You are too large for most types of armour.
You have claws for hands.
Your metabolism is lightning-fast.
You like to eat raw meat.
Your natural rate of healing is unusually fast.
You are covered in fur. (AC +1)
You have very tough skin. (AC +2)
You have claws for feet.


Message History

4 slaves and Pikel come into view.
Pikel is wielding a whip of electrocution.
Pikel shouts!
The slave shouts! x4
Pikel zaps a wand.
You are blasted!
It is a wand of disintegration (12).
Found an escape hatch in the ceiling.
You closely miss the slave. The slave hits you but does no damage.
Casting: Sticks to Snakes (safe; 17% risk of failure)
Confirm with . or Enter, or press ? or * to list all spells.
Your feet morph into talons.
Pikel zaps a wand.
You are blasted!
Pikel hits you but does no damage.
You are electrocuted!
You completely miss Pikel.
Pikel zaps a wand.
You are blasted!
* * * LOW HITPOINT WARNING * * *
Okay, then.
It was a potion of berserk rage.
A red film seems to cover your vision as you go berserk!
You feel yourself moving faster!
You feel mighty!
Your transformation is almost over.
Pikel zaps a wand.
You are blasted!
You die...

.#.###.###.##
#...###...#
.......# #.#
####.#.####
##.##### #.# ##.##
#># #+# #.# ##.#
... #.# ...# ....
###.# ...# ..<..
###.#.#### ...#
.....p###........#
.....+
....ppK@......##.#
...###
.....p###.....##.#
.#.# .....
#...####.# ...#
.... #..#####.#
#### ...
#........# # #+
##.####### # #.#
#รท# #.#


You could see Pikel and 4 slaves.

Vanquished Creatures
  An orc warrior (D:4)
  A scorpion (D:3)
  A hound (D:4)
  A centaur skeleton (D:4)
  2 orc priests (D:4)
  2 orc wizards
  An iguana (D:4)
  A worker ant (D:4)
  4 gnolls (D:3)
  7 adders
  2 oozes
  3 worms (D:2)
  2 dart slugs
  6 leopard geckos
  8 orcs
  3 ball pythons
  8 bats
  A giant cockroach (D:2)
  6 goblins
  11 hobgoblins
  5 jackals
  2 quokkas
  5 frilled lizards
  8 kobolds
  7 rats
98 creatures vanquished.

Notes
Turn   | Place    | Note
-------+----------+-------------------------------------------
     0 | D:1      | Destragon the Troll Transmuter began the quest for the Orb.
     0 | D:1      | Reached XP level 1. HP: 18/18 MP: 1/1
   138 | D:1      | Reached skill level 1 in Fighting
   139 | D:1      | Reached XP level 2. HP: 27/27 MP: 2/2
   342 | D:1      | Reached XP level 3. HP: 33/33 MP: 1/4
   829 | D:2      | Reached XP level 4. HP: 40/42 MP: 5/5
  1687 | D:3      | Reached XP level 5. HP: 46/49 MP: 4/6
  1835 | D:3      | Reached skill level 4 in Unarmed Combat
  1843 | D:3      | Learned a level 2 spell: Sticks to Snakes
  2232 | D:4      | Found a basalt altar of Yredelemnul.
  2235 | D:4      | Found a sacrificial altar of Ru.
  2236 | D:4      | Found a hide-covered altar of Uskayaw.
  2236 | D:4      | Found a glowing golden altar of the Shining One.
  2354 | D:4      | Reached XP level 6. HP: 59/59 MP: 3/7
  2414 | D:4      | Reached skill level 1 in Evocations
  2629 | D:4      | Noticed an orc warrior
  2651 | D:4      | Killed an orc warrior
  2919 | D:4      | Reached XP level 7. HP: 66/67 MP: 6/9
  3242 | D:4      | Noticed Pikel
  3249 | D:4      | Blown up by Pikel

Vault maps used:
D:1:      lightli_arrival_statuegarden
D:2:      minmay_misc_feat_doors
D:4:      grunt_temple_overflow_open, uniq_pikel

Skill      XL: |  1  2  3  4  5  6 |
---------------+-------------------+-----
Fighting       | 1 2 3 |  3.2
Dodging        | 2 |  2.6
Unarmed Combat | 4 |  4.9
Transmutations | 2 |  2.3
Evocations     | 1 |  1.4
Spellcasting   | 2 |  2.0

Action                   |  1- 3 |  4- 6 |  7- 9 || total
-------------------------+-------+-------+-------++-------
Melee: Unarmed           |   100 |   184 |    11 ||   295
       Punch             |     1 |     3 |       ||     4
       Kick              |     4 |     6 |       ||    10
       Headbutt          |       |     1 |       ||     1
 Cast: Beastly Appendage |     3 |     7 |     1 ||    11
       Sticks to Snakes  |       |     2 |       ||     2
  Use: Potion            |       |       |     1 ||     1
  Eat: Chunk             |    13 |    20 |     1 ||    34
Armor: Robe              |    40 |    47 |     4 ||    91
Dodge: Dodged            |    46 |   106 |     4 ||   156

Table legend:
 A = Spawn XP
 B = Non-spawn XP
 C = Spawn XP percentage of total XP
 D = Spawn monster count
 E = Non-spawn monster count
 F = Spawn count percentage of total count
 G = Total turns spent on level
                    A         B        C        D         E        F      G
               +---------+---------+-------+---------+---------+-------+---------
         Total |       0 |     826 |   0.0 |       0 |      98 |   0.0 |  3249
               +---------+---------+-------+---------+---------+-------+---------
           D:1 |       0 |      60 |   0.0 |       0 |      31 |   0.0 |   727
           D:2 |       0 |      99 |   0.0 |       0 |      25 |   0.0 |   752
           D:3 |       0 |     209 |   0.0 |       0 |      21 |   0.0 |   804
           D:4 |       0 |     458 |   0.0 |       0 |      21 |   0.0 |   966
               +---------+---------+-------+---------+---------+-------+---------
